Map: Dusk Towers

Players

JonSnow

  • Race: Zerg Zerg
  • League: Grandmaster

MaSa - Winner!

  • Race: Terran Terran
  • League: Grandmaster

VOD

Have the link to the VOD?

Description

Time

  • Played on: Feb. 13, 2016, 6:26 p.m.
  • Length: 12:29
Show
View Real Time Build Order
Export as new Build Order

JonSnow Zerg 

Build Orders: Hatch First, Muta Ling Bane 

Get SALT Encoding   

  12  0:01  Drone  
  13  0:13  Overlord  
  13  0:17  Drone  
  14  0:31  Drone x2  
  16  0:37  Drone  
  17  0:45  Drone  
  18  0:55  Hatchery  
  17  0:59  Drone  
  18  1:05  Extractor  
  18  1:06  Drone  
  18  1:17  Spawning Pool  
  17  1:20  Drone  
  18  1:28  Overlord  
  18  1:39  Drone  
  19  2:04  Queen  
  19  2:05  Metabolic Boost, Zergling x4  
  19  2:07  Queen, Zergling x2  
  26  2:11  Drone  
  27  2:18  Drone  
  27  2:22  Drone  
  29  2:28  Drone  
  30  2:36  Overlord  
  30  2:40  Queen  
  30  2:42  Drone  
  33  2:45  Queen  
  33  2:47  Drone  
  36  2:54  Overlord  
  36  2:56  Drone  
  37  3:03  Drone  
  37  3:04  Drone  
  39  3:15  Drone x5  
  39  3:16  Drone x2  
  46  3:24  Drone  
  46  3:25  Drone, Lair  
  48  3:30  Extractor  
  48  3:31  Extractor  
  48  3:32  Extractor  
  45  3:36  Drone x2  
  46  3:43  Drone  
  47  3:52  Drone  
  47  3:53  Drone x2  
  47  3:55  Drone, Hatchery  
  50  3:58  Overlord  
  50  4:18  Drone x3  
  50  4:19  Drone x3  
  50  4:21  Baneling Nest  
  55  4:25  Spire  
  55  4:26  Zergling x4  
  55  4:30  Spore Crawler  
  55  4:33  Zergling x4  
  57  4:39  Zergling x4  
  57  4:42  Overlord  
  59  4:49  Overseer  
  58  5:03  Drone x7  
  65  5:08  Drone  
  65  5:12  Overlord x3  
  66  5:14  Overlord x2  
  66  5:17  Baneling x3  
  66  5:31  Drone  
  67  5:37  Drone  
  67  5:38  Mutalisk x5, Evolution Chamber x2  
  67  5:41  Mutalisk  
  77  5:44  Mutalisk  
  77  5:48  Mutalisk  
  81  5:50  Drone x2  
  81  5:51  Drone  
  81  5:54  Mutalisk  
  81  5:56  Drone  
  87  5:57  Drone  
  87  5:59  Drone  
  89  6:04  Drone x2  
  89  6:05  Drone x2  
  89  6:07  Centrifical Hooks  
  93  6:11  Drone x2  
  93  6:12  Drone  
  93  6:17  Zerg Melee Weapons Level 1  
  96  6:21  Extractor x2  
  94  6:30  Hatchery  
  94  6:31  Drone  
  94  6:33  Zerg Ground Armor Level 1  
  94  6:34  Overlord  
  94  6:40  Mutalisk  
  94  6:42  Zergling x2  
  94  6:44  Overlord x3  
  97  6:50  Zerg Flyer Weapons Level 1  
  97  7:02  Drone  
  97  7:05  Zergling x26  
  97  7:06  Zergling x4  
  113  7:10  Baneling x7  
  113  7:11  Baneling x3  
  113  7:16  Zergling x6  
  113  7:18  Zergling x4  
  118  7:28  Mutalisk x3, Hatchery  
  118  7:29  Mutalisk  
  125  7:32  Zergling x4  
  125  7:36  Drone  
  128  7:37  Drone  
  128  7:41  Baneling x2  
  117  7:53  Mutalisk x4  
  117  7:55  Zergling x10  
  117  7:56  Zergling x4  
  117  8:03  Zergling x2  
  117  8:05  Baneling x3  
  118  8:06  Hatchery  
  118  8:10  Zergling x6  
  120  8:13  Zergling x2  
  120  8:15  Overlord x2  
  120  8:17  Overlord  
  121  8:21  Baneling  
  121  8:22  Baneling x7  
  121  8:23  Zerg Melee Weapons Level 2  
  121  8:32  Zergling x2  
  121  8:33  Zergling x8  
  121  8:38  Zerg Ground Armor Level 2  
  121  8:40  Drone x3  
  121  8:41  Drone x2  
  126  8:48  Zergling x8  
  130  8:52  Overlord  
  130  8:58  Infestation Pit  
  121  9:04  Zergling x12  
  121  9:08  Baneling x3  
  126  9:11  Zergling x8  
  126  9:13  Overlord x2  
  130  9:20  Zergling x6  
  130  9:22  Baneling  
  133  9:30  Zergling x14  
  136  9:31  Baneling x6  
  136  9:32  Baneling x2  
  130  9:44  Zergling x16  
  130  9:45  Hive  
  131  9:58  Zergling x12  
  131  9:59  Zergling x4  
  139  10:00  Overseer  
  139  10:02  Baneling x3  
  139  10:13  Hatchery  
  138  10:17  Zergling x26  
  146  10:27  Zergling x12  
  143  10:29  Baneling x3  
  143  10:31  Zergling x6  
  134  10:43  Zergling x2  
  134  10:44  Zergling x16  
  136  11:02  Zergling x22  
  136  11:03  Ultralisk Cavern  
  146  11:04  Baneling x3  
  146  11:05  Baneling x3  
  146  11:08  Drone x3  
  146  11:10  Drone  
  146  11:11  Drone  
  98  11:41  Zergling x22  
  98  11:42  Zergling x8  
  98  11:44  Baneling x2  
  98  11:45  Baneling x3  
  119  11:59  Drone x2  
  119  12:00  Drone x2  
  129  12:03  Zergling x6  
  129  12:12  Zergling x2  
Show
View Real Time Build Order
Export as new Build Order

MaSa Terran - Winner!

Build Orders: Liberator Opening, Bio Mine 

Get SALT Encoding   

  12  0:00  SCV  
  13  0:13  SCV  
  14  0:17  Supply Depot  
  14  0:25  SCV  
  15  0:38  SCV  
  15  0:40  Barracks  
  16  0:50  SCV  
  17  1:02  SCV  
  18  1:14  Command Center  
  18  1:16  SCV  
  19  1:26  Marine  
  19  1:29  Orbital Command  
  20  1:33  Refinery  
  20  1:44  Marine  
  20  1:45  Supply Depot  
  21  1:54  SCV  
  21  1:55  Refinery  
  22  2:02  Marine  
  22  2:07  SCV  
  24  2:19  SCV  
  24  2:20  Marine  
  27  2:31  Orbital Command  
  27  2:32  Factory, SCV  
  27  2:39  Barracks Reactor  
  27  2:44  SCV  
  28  2:57  SCV  
  28  2:58  SCV  
  30  3:09  SCV  
  30  3:10  SCV  
  32  3:17  Starport  
  32  3:21  SCV  
  32  3:22  SCV  
  32  3:23  Barracks Tech Lab  
  32  3:24  Hellion x2  
  38  3:29  Command Center  
  38  3:33  SCV  
  39  3:34  SCV  
  39  3:39  Supply Depot  
  40  3:43  Liberator  
  40  3:45  SCV  
  40  3:46  Hellion x2, SCV  
  46  3:51  Stimpack  
  46  4:00  SCV, Marine  
  46  4:01  SCV  
  52  4:03  Supply Depot  
  52  4:13  SCV  
  53  4:18  SCV  
  53  4:19  Barracks  
  53  4:22  Barracks, Factory Reactor  
  54  4:25  SCV, Marine  
  54  4:27  Engineering Bay  
  54  4:30  Engineering Bay  
  56  4:32  SCV  
  56  4:38  SCV  
  58  4:41  Orbital Command  
  58  4:43  Marine  
  58  4:44  Refinery, SCV  
  58  4:45  Refinery, Starport Reactor  
  60  4:51  SCV  
  61  4:56  SCV  
  60  5:00  Marine  
  60  5:03  SCV  
  60  5:05  Terran Infantry Weapons Level 1, Terran Infantry Armor Level 1  
  62  5:09  SCV  
  62  5:10  Factory Reactor  
  62  5:11  Barracks  
  63  5:14  Barracks  
  63  5:15  SCV  
  63  5:16  Supply Depot  
  63  5:18  Liberator  
  63  5:19  Marine  
  63  5:21  SCV  
  66  5:22  Liberator, Supply Depot  
  66  5:27  SCV  
  66  5:28  Marine x4  
  69  5:33  SCV  
  75  5:39  Supply Depot  
  75  5:41  SCV  
  79  5:47  Widow Mine x2  
  79  5:48  Marine x2  
  79  5:49  Marine  
  86  5:53  Orbital Command, SCV  
  86  5:54  Supply Depot  
  87  5:57  Missile Turret  
  87  6:00  Missile Turret  
  87  6:02  Barracks Reactor  
  87  6:03  Barracks Reactor, Combat Shields  
  87  6:05  Marine, SCV  
  87  6:11  Armory  
  89  6:12  SCV  
  89  6:16  Missile Turret  
  89  6:17  SCV  
  91  6:19  SCV  
  91  6:21  Marine x2  
  91  6:25  SCV, Medivac  
  97  6:28  Marine, Medivac  
  97  6:29  SCV  
  101  6:33  Supply Depot  
  101  6:35  Refinery  
  101  6:37  Marine x2  
  101  6:38  Refinery, SCV  
  101  6:39  SCV  
  103  6:41  Marine  
  103  6:42  Marine x3  
  103  6:44  SCV  
  108  6:50  Supply Depot  
  108  6:51  SCV  
  109  6:54  Widow Mine x2  
  109  6:55  SCV  
  109  6:56  Marine  
  109  6:57  Refinery, Supply Depot  
  109  6:58  Medivac  
  109  7:01  Terran Infantry Weapons Level 2  
  117  7:11  SCV x2, Marine x4  
  117  7:13  Marine x2  
  125  7:18  SCV, Marine x3, Medivac  
  131  7:27  Terran Infantry Armor Level 2, Supply Depot x2  
  131  7:29  Marine  
  132  7:30  SCV  
  132  7:32  Factory  
  133  7:45  Marine  
  133  7:48  Widow Mine x2, SCV, Marine x3, Medivac  
  135  7:54  Marine x2  
  135  7:55  Marine x3  
  135  7:57  SCV  
  129  8:03  Marine  
  130  8:07  SCV  
  130  8:09  Marine x3  
  130  8:10  Command Center  
  130  8:12  Marine  
  134  8:14  SCV  
  134  8:16  Widow Mine x2, Medivac  
  134  8:18  Factory Tech Lab  
  142  8:22  Supply Depot  
  142  8:25  Supply Depot, Terran Vehicle And Ship Armor Level 1  
  140  8:35  Marine x2  
  140  8:38  Medivac  
  140  8:40  Drilling Claws  
  144  8:44  Thor  
  144  8:45  Widow Mine  
  144  8:46  Supply Depot, Marine  
  144  8:48  Supply Depot  
  153  8:50  Marine x2  
  153  8:51  Marine x2  
  157  8:59  Marine x2  
  157  9:00  Medivac  
  146  9:04  Marine x2  
  146  9:05  Widow Mine, Marine  
  146  9:07  Medivac  
  146  9:08  Marine  
  154  9:11  Marine x3  
  153  9:23  Barracks, Marauder  
  155  9:25  Barracks  
  155  9:26  Barracks  
  155  9:30  Thor  
  156  9:31  Marine  
  156  9:32  Marine  
  156  9:34  Marine x2  
  157  9:39  Marine x2  
  157  9:43  Marine  
  157  9:44  Marauder, Marine  
  160  9:49  Marine x2  
  162  10:01  Marine  
  162  10:02  Marine  
  164  10:07  Planetary Fortress  
  164  10:10  Marine x3  
  164  10:12  Marine  
  164  10:13  Marine  
  166  10:20  Marine x2  
  165  10:24  Widow Mine x3  
  165  10:27  SCV  
  160  10:29  Barracks Tech Lab  
  160  10:30  Barracks Tech Lab x2  
  160  10:31  Marine  
  160  10:32  Marine  
  160  10:33  Liberator  
  160  10:35  Marine x2  
  162  10:42  Marauder, Marine x4  
  152  10:49  Marine x3  
  153  10:58  Marauder, Marine x2  
  153  10:59  Concussive Shells, Marauder  
  159  11:09  Widow Mine x2  
  159  11:10  Thor  
  169  11:12  Marauder  
  163  11:19  Marine x3  
  163  11:20  Marauder x2  
  159  11:27  Marauder, Marine x4  
  159  11:30  Marine  
  159  11:33  Marauder  
  159  11:39  Marine x2  
  162  11:40  Widow Mine, Marine  
  162  11:41  Widow Mine, Marauder, Marine  
  162  11:44  Marine  
  171  11:51  Medivac x2  
  171  11:52  Widow Mine  
  175  11:55  Marine x2  
  177  12:05  Marine x2  
  177  12:06  Marauder, Marine x2  
  183  12:10  Marine x3  
  178  12:25  Command Center  
Tags
 
Add a new tag
Caveats
  • Supply blocks, unpowered buildings, or Contaminate may cause inaccurate times.
  • Supply counts are checked every 10 seconds.